 Dungeon Crawl Stone Soup version 0.21.1-1-g345015f (webtiles) character file.

524 Lilu the Destroyer (level 7, 0/41 HPs)
             Began as a Deep Elf Conjurer on July 28, 2018.
             Slain by Edmund
             ... wielding a +0 flail of draining
              (13 damage)
             ... on level 4 of the Dungeon.
             The game lasted 00:20:23 (4710 turns).

Lilu the Destroyer (Deep Elf Conjurer)              Turns: 4710, Time: 00:20:24

Health: 0/41       AC:  3    Str:  7      XL:     7   Next: 2%
Magic:  9/13       EV: 11    Int: 20      God:
Gold:   233        SH:  0    Dex: 13 (15) Spells: 5/12 levels left

rFire    . . .     SeeInvis .   n - +1 dagger (venom)
rCold    . . .     Gourm    .   (no shield)
rNeg     . . .     Faith    .   a - +0 robe
rPois    .         Spirit   .   (no helmet)
rElec    .         Reflect  .   (no cloak)
rCorr    .         Harm     .   (no gloves)
MR       .....                  w - +0 pair of boots
Stlth    +.........             (no amulet)
HPRegen  0.13/turn              t - ring of wizardry
MPRegen  0.13/turn              (no ring)

@: heavily drained
A: no striking features
a: no special abilities


You were on level 4 of the Dungeon.
You were not hungry.

You visited 1 branch of the dungeon, and saw 5 of its levels.

You collected 233 gold pieces.

Inventory:

Hand Weapons
 n - a +1 dagger of venom (weapon)
Armour
 a - a +0 robe (worn)
 p - a +0 buckler
 w - a +0 pair of boots (worn)
Jewellery
 t - a ring of wizardry (left hand)
Scrolls
 f - a scroll of magic mapping
 g - 2 scrolls of noise {unknown}
 k - a scroll of enchant weapon {unknown}
 m - a scroll of fear
 o - 2 scrolls of remove curse
 q - a scroll of random uselessness {unknown}
 s - a scroll of fog {unknown}
 u - a scroll of amnesia {unknown}
 v - a scroll of identify {unknown}
Potions
 d - a potion of haste {unknown}
 e - a potion of lignification {unknown}
 h - 2 potions of flight {unknown}
 i - 3 potions of mutation {unknown}
 j - 2 potions of agility {unknown}
 l - 3 potions of curing {unknown}
 r - a potion of heal wounds {unknown}
Books
 b - a book of Conjurations

   Spells                             Type                      Level
   a - Magic Dart                     Conjuration                  1
   b - Searing Ray                    Conjuration                  2
   c - Dazzling Spray                 Conjuration/Hexes            3
   d - Fulminant Prism                Conjuration/Hexes            4
   e - Force Lance                    Conjuration/Translocation    4
   f - Iskenderun's Mystic Blast      Conjuration                  4
Comestibles
 c - 4 rations


   Skills:
 + Level 3.1(0.8) Fighting
 - Level 2.4(0.2) Dodging
 - Level 2.4(0.2) Stealth
 - Level 3.0(0.7) Spellcasting
 - Level 8.1(5.6) Conjurations


You had 5 spell levels left.
You knew the following spells:

 Your Spells              Type           Power        Failure   Level  Hunger
a - Magic Dart            Conj           ###.         1%          1    ##.....
b - Searing Ray           Conj           ###...       1%          2    ###....
c - Iskenderun's Mystic   Conj           ###.....     8%          4    #####..


Dungeon Overview and Level Annotations

Branches:
Dungeon (5/15)
 Temple: D:4-7

Altars:

Shops:
D:5 (

Annotations:
D:3 snakesoul's ghost, amateur GrFi
D:4 Edmund


Message History

Edmund grinds his teeth, and then sighs.
Edmund looks more healthy.
The phantom blinks!
Edmund says, "Everyone always remembers my brother. 'Who's Edmund?' they ask!"
Casting: Iskenderun's Mystic Blast
Confirm with . or Enter, or press ? or * to list all spells.
Aiming: Searing Ray
Press: ? - help, Shift-Dir - straight line, f - Edmund
Aim: Edmund, wielding a flail of draining and wearing a chain mail (severely wounded)
The searing ray hits Edmund.
Edmund is severely wounded. (Press . to maintain the ray.)
The searing ray hits Edmund.
Edmund is severely wounded.
Edmund says, "What use are spells, anyway?"
Edmund closely misses you.
The searing ray hits Edmund.
Edmund is severely wounded.
Edmund hits you with a flail of draining!
You die...

#.# #.### #
#W# #.# # #.#
#.# # #.#
#.###### #
#.# #......#
# #.#
######.# #
#.# #.# #
#.#########.#
#
#.....W..@@.#
#############


You could see Edmund and a phantom.

Vanquished Creatures
  An ogre (D:4)
  An ice beast (D:5)
  A quasit (D:4)
  A bullfrog skeleton (D:4)
  A hound (D:4)
  3 orc wizards (D:4)
  A hound skeleton (D:4)
  3 gnolls (D:4)
  3 adders
  An ooze (D:2)
  2 worms
  A dart slug (D:3)
  5 leopard geckos
  7 orcs
  5 bats
  7 giant cockroaches
  9 goblins
  7 hobgoblins
  7 jackals
  A quokka (D:2)
  5 frilled lizards
  13 kobolds
  13 rats
98 creatures vanquished.

Notes
Turn   | Place    | Note
-------+----------+-------------------------------------------
     0 | D:1      | Lilu the Deep Elf Conjurer began the quest for the Orb.
     0 | D:1      | Reached XP level 1. HP: 10/10 MP: 6/6
   100 | D:1      | Reached XP level 2. HP: 13/15 MP: 0/8
   133 | D:1      | Learned a level 2 spell: Searing Ray
   177 | D:1      | Reached skill level 5 in Conjurations
   623 | D:2      | Reached XP level 3. HP: 19/19 MP: 2/9
  1074 | D:2      | Reached skill level 6 in Conjurations
  1389 | D:3      | Noticed snakesoul's ghost (amateur GrFi)
  1391 | D:3      | Reached XP level 4. HP: 24/24 MP: 6/10
  2280 | D:2      | Learned a level 4 spell: Iskenderun's Mystic Blast
  2781 | D:4      | Noticed a phantom
  2876 | D:4      | Noticed an ogre
  2882 | D:4      | Reached skill level 7 in Conjurations
  2882 | D:4      | Reached XP level 5. HP: 20/28 MP: 6/11
  3142 | D:4      | Killed an ogre
  3142 | D:4      | Reached skill level 8 in Conjurations
  3142 | D:4      | Reached XP level 6. HP: 16/32 MP: 2/12
  3298 | D:4      | Found the cursed necklace of Bloodlust {*Rage +Rage MR++ Int-3 Slay+6 *Curse}
  3595 | D:4      | Reached skill level 1 in Fighting
  4063 | D:5      | Entered Level 5 of the Dungeon
  4123 | D:5      | Found Xatong Xeant's Antique Weapon Shoppe.
  4132 | D:5      | Noticed an ice beast
  4205 | D:5      | Killed an ice beast
  4357 | D:4      | Reached XP level 7. HP: 19/41 MP: 0/13
  4391 | D:5      | Noticed Edmund
  4710 | D:4      | Slain by Edmund

Skill      XL: |  1  2  3  4  5  6 |
---------------+-------------------+-----
Conjurations   | 5 6 7 8 |  8.1
Fighting       | 3 |  3.1
Dodging        | |  2.4
Stealth        | |  2.4
Spellcasting   | |  3.0

Action                   |  1- 3 |  4- 6 |  7- 9 || total
-------------------------+-------+-------+-------++-------
Melee: Club              |    10 |       |       ||    10
       Unarmed           |     1 |       |       ||     1
       Dagger            |    48 |    58 |     8 ||   114
 Cast: Magic Dart        |    49 |    14 |       ||    63
       Searing Ray       |     3 |    16 |     1 ||    20
       Iskenderun's Myst |       |     9 |     1 ||    10
  Use: Scroll            |       |     3 |       ||     3
 Stab: Sleeping          |     7 |     1 |       ||     8
  Eat: Chunk             |     2 |     8 |       ||    10
       Ration            |       |     1 |     1 ||     2
Armor: Robe              |     9 |    32 |       ||    41
Dodge: Dodged            |    32 |    83 |     4 ||   119
